 Dungeon Crawl Stone Soup version 0.24.0-13-gcf9b319 (webtiles) character file.

Game seed: 3472830741122461621, levelgen mode: deterministic

32 Bronimir the Chiller (level 3, -1/26 HPs)
             Began as a Draconian Ice Elementalist on Mar 30, 2020.
             Succumbed to Robin's poison
             ... on level 1 of the Dungeon.
             The game lasted 00:03:17 (1463 turns).

Bronimir the Chiller (Draconian Ice Elementalist)   Turns: 1463, Time: 00:03:17

Health: -1/26      AC:  5    Str: 11    XL:     3   Next: 10%
Magic:  1/6        EV: 12    Int: 15    God:
Gold:   21         SH:  0    Dex: 11    Spells: 3/6 levels left

rFire    . . .     SeeInvis .   a - +0 hand axe
rCold    . . .     Gourm    .   (no shield)
rNeg     . . .     Faith    .   (armour unavailable)
rPois    .         Spirit   .   (helmet restricted)
rElec    .         Reflect  .   (no cloak)
rCorr    .         Harm     .   (no gloves)
MR       .....                  (no boots)
Stlth    ++........             (no amulet)
HPRegen  0.08/turn              (no ring)
MPRegen  0.10/turn              (no ring)

@: lethally poisoned (-1 -> -28)
A: unfitting armour, cold-blooded, AC +5
a: no special abilities


You were on level 1 of the Dungeon.
You were not hungry.

You visited 1 branch of the dungeon, and saw 2 of its levels.

You collected 21 gold pieces.

Inventory:

Hand Weapons
 a - a +0 hand axe (weapon)
 k - a +0 club
Missiles
 c - 12 arrows
 g - 21 stones (quivered)
 l - 18 sling bullets
Scrolls
 e - a scroll of amnesia {unknown}
 f - 2 scrolls of immolation {unknown}
 i - a scroll of teleportation {unknown}
 j - a scroll of identify {unknown}
Potions
 h - a potion of invisibility {unknown}
Comestibles
 b - 2 rations
 m - 4 chunks of flesh


   Skills:
 + Level 0.2 Fighting
 + Level 1.9 Dodging
 - Level 1.8 Stealth
 * Level 2.4 Spellcasting
 + Level 1.0 Conjurations
 * Level 3.8 Ice Magic


You had 3 spell levels left.
You knew the following spells:

 Your Spells              Type           Power        Failure   Level  Hunger
a - Freeze                Ice            ##..         4%          1    #......
b - Throw Frost           Conj/Ice       #.....       12%         2    ###....

Your spell library contained the following spells:

 Spells                   Type           Power        Failure   Level  Hunger
 Ozocubu's Armour         Chrm/Ice       #.......     28%         3    ###....
 Throw Icicle             Conj/Ice       #.......     61%         4    #####..
 Summon Ice Beast         Ice/Summ       #.......     67%         4    #####..


Dungeon Overview and Level Annotations

Branches:
Dungeon (2/15)

Altars:

Annotations:
D:1 Robin


Innate Abilities, Weirdness & Mutations

Your plain brown scales are hard. (AC +5)
You cannot fit into any form of body armour.
You are cold-blooded and may be slowed by cold attacks.


Message History

Press: ? - help, Shift-Dir - straight line, f - Robin
Aim: Robin, wielding a +1 whip of venom, wearing a +0 animal skin and wearing a +0 helmet You freeze Robin.
Robin is moderately wounded.
You feel sick. Robin hits you but does no damage.
You are more poisoned.
Casting: Freeze (safe; 4% risk of failure)
Confirm with . or Enter, or press ? or * to list all spells.
Aiming: Freeze (safe; 4% risk of failure)
Press: ? - help, Shift-Dir - straight line, f/p - Robin
Aim: Robin, wielding a +1 whip of venom, wearing a +0 animal skin and wearing a +0 helmet (moderately wounded)
You freeze Robin.
Robin is moderately wounded.
* * * LOW HITPOINT WARNING * * *
You feel sick.
Robin laughs in a distinctly smug fashion.
Robin hits you with a +1 whip of venom.
* * * LOW HITPOINT WARNING * * *
It was a potion of cancellation.
You feel magically purged.
You die...

.# .########### ...........####
..............#
.#########.##.#####
##########.##..##.#
...........#......#
#############...#†##############
................@g)............#
#############.#.##.###########.##
....................# #...
#############.#..#..# ####
#.##.#..# #.##....# ##
#.###...############# .## #.#
#...#............ ..# #.#
##..#.###########


You could see Robin.

Vanquished Creatures
  A leopard gecko (D:1)
  A bat (D:1)
  7 hobgoblins (D:1)
  2 frilled lizards (D:1)
  8 goblins (D:1)
  5 kobolds (D:1)
  5 rats (D:1)
29 creatures vanquished.

Notes
Turn   | Place    | Note
-------+----------+-------------------------------------------
     0 | D:1      | Bronimir the Draconian Ice Elementalist began the quest for
                  | the Orb.
     0 | D:1      | Reached XP level 1. HP: 14/14 MP: 3/3
   634 | D:1      | Reached XP level 2. HP: 14/20 MP: 1/5
   951 | D:1      | Learned a level 2 spell: Throw Frost
  1387 | D:2      | Noticed Robin
  1393 | D:1      | Reached XP level 3. HP: 23/26 MP: 1/6
  1462 | D:1      | HP: 1/26 [Robin/+1 whip of venom (5)]
  1463 | D:1      | Succumbed to Robin's poison

Levels and vault maps discovered:
D:1:      lemuel_arrival_behind_the_door_large, layout_basic
D:2:      layout_loops_cross, nicolae_overflow_crystal_walls, first_ration,
          minmay_pentomino_o2, uniq_robin

Action                   || total
-------------------------++-------
Melee: Unarmed           ||     5
       Club              ||    11
       Tailslap          ||     1
       Hand axe          ||    13
 Cast: Freeze            ||    39
  Use: Potion            ||     1
  Eat: Chunk             ||     2
Armor: Skin              ||    18
Dodge: Dodged            ||    37
